[Event "Superbet Blitz Poland 2023"]
[Site "Warsaw"]
[Date "2023.05.24"]
[Round "4"]
[White "Deac, Bogdan-Daniel"]
[Black "Rapport, Richard"]
[Result "1-0"]
[ECO "A48"]
[WhiteElo "2700"]
[BlackElo "2745"]
[Annotator "TA"]
[PlyCount "89"]
[EventDate "2023.05.24"]
[EventType "tourn"]
[EventCountry "POL"]
[SourceTitle "playchess.com"]
[Source "ChessBase"]
[SourceQuality "1"]
[TimeControl "300+2"]

1. d4 Nf6 2. Nf3 c5 3. e3 g6 4. Be2 Bg7 5. O-O b6 6. d5 {[%emt 0:00:14] A48: 1 d4 Nf6 2 Nf3 g6: Torre, London and Colle Systems.} O-O 7. Nc3 d6 {[%emt 0:00:05] [#]} 8. h3 $146 {[%emt 0:00:17] White has an edge.} ({Predecessor:} 8. e4 Bg4 9. h3 Bxf3 10. Bxf3 Na6 11. a4 Nc7 12. Re1 Nd7 13. Bg5 a6 14. Be2 {1-0 Matlakov,M (2674)-Rapport,R (2763) Wch Blitz Warsaw 2021 (17)}) 8... Na6 9. e4 Nc7 10. Re1 a6 11. a4 Bb7 12. Bf4 Re8 13. Bc4 e5 (13... Nh5 $14 14. Bg5 h6) 14. dxe6 $16 Nxe6 15. Qxd6 {[%emt 0:00:24] White is much more active.} (15. Bxd6 {seems wilder.} Nd4 16. Bf4 Nxe4 17. Bxf7+ Kxf7 18. Nxe4 Kg8 19. Nfd2) 15... Nd4 16. Nxd4 (16. Ng5 $142 Rf8 17. Rad1) 16... cxd4 17. Qxd8 (17. Nd5 $14) 17... Raxd8 {[%emt 0:00:02] [#]} (17... Rexd8 $11 {keeps the balance.} 18. Nd5 Nxd5 19. exd5 (19. Bxd5 Bxd5 20. exd5 Rxd5 $11) 19... Bxd5) 18. Nd5 $1 Nxe4 (18... Nxd5 19. exd5) 19. Nxb6 d3 20. cxd3 ({Resist} 20. Bxd3 $6 Bxb2 21. Rab1 Bd4 $11) 20... Nxf2 21. Kxf2 Bd4+ 22. Kg3 Bxb6 23. b4 Bd4 24. Rac1 Kg7 25. b5 axb5 26. Bxb5 Rxe1 27. Rxe1 Kf6 28. Bc4 g5 29. Bd2 Kg6 30. a5 {[%emt 0:00:02] a6 is the strong threat.} f5 $2 (30... Ba8 $14) 31. Re6+ $18 Kh5 32. Re7 $2 (32. Bb5 $18) 32... f4+ $14 33. Kh2 Ba8 {[%emt 0:00:08] [#]} (33... Bd5 $14) 34. Rxh7+ (34. g3 $1 $16 ) 34... Kg6 35. Re7 {[%emt 0:00:02] Black must now prevent Bf7+.} Bf2 $2 (35... Rb8 $16) 36. Be1 Bc5 (36... Bd4 $142 37. h4 Bd5 38. Bxd5 Rxd5) 37. Re6+ $18 Kf5 $2 (37... Kh7 38. Re5 Bd4 39. Rxg5 Rb8) 38. Bc3 Bd4 {[%emt 0:00:05] Inhibits Rf6+.} 39. Bxd4 Rxd4 {[%emt 0:00:00][%mdl 4096] Endgame KRB-KRB} 40. Re8 Bc6 41. Rc8 Rd6 42. a6 f3 43. gxf3 {[%emt 0:00:02][%cal Oc8c6] Hoping for Rxc6!} Kf4 44. a7 {[%emt 0:00:02][%cal Oc8c6] Rxc6! would kill now.} Bxf3 45. Rf8+ {[%emt 0:00:01][%mdl 64] Skewer, Deflection.   Weighted Error Value: White=0.29 (precise) /Black=0.72} 1-0

[Event "Superbet Blitz Poland 2023"]
[Site "Warsaw"]
[Date "2023.05.24"]
[Round "4"]
[White "Shevchenko, Kirill"]
[Black "Duda, Jan-Krzysztof"]
[Result "1/2-1/2"]
[ECO "A35"]
[WhiteElo "2684"]
[BlackElo "2724"]
[Annotator "TA"]
[PlyCount "116"]
[EventDate "2023.05.24"]
[EventType "tourn"]
[EventCountry "POL"]
[SourceTitle "playchess.com"]
[Source "ChessBase"]
[SourceQuality "1"]
[TimeControl "300+2"]

1. c4 c5 2. Nf3 Nc6 3. Nc3 g6 4. d4 cxd4 5. Nxd4 Bg7 6. Nxc6 bxc6 7. g3 Rb8 {[%emt 0:00:20] A35: Symmetrical English: 2 Nc3 Nc6 3 Nf3.} 8. Bg2 Qa5 9. O-O Ba6 10. Qd3 {[%emt 0:00:03] [#]} d5 $1 11. Qc2 {[%emt 0:00:02] Hoping for Bd2.} Bxc4 (11... dxc4 12. Bxc6+ Kf8 13. Rd1 $16) (11... Bxc3 $1 $11 12. Qxc3 Qxc3 13. bxc3 Bxc4) 12. Bd2 $1 $14 {[%emt 0:00:00] Threatens to win with b3.} Qb6 13. b3 Bb5 14. Rac1 Nf6 {[%emt 0:00:02] [#]} 15. Bf4 $146 {[%emt 0:00:35][%cal Oc3b5] Nxb5! would be deadly.} ({Predecessor:} 15. Be3 Qb7 16. a4 Ba6 17. Na2 O-O 18. Qxc6 Bxe2 19. Rfe1 Bg4 20. b4 Bd7 21. Qxb7 Rxb7 {1-0 Matorin,E (2283)-Novikova,M (2067) Kiev Independence Cup-A 6th 2006 (1)}) 15... Ra8 16. Nxb5 cxb5 17. e4 (17. Rfd1 $1 $14) 17... dxe4 18. Bxe4 Nxe4 19. Qxe4 O-O 20. Qxe7 $40 {[%emt 0:00:04][%mdl 128] White has some attack.} Rfe8 21. Qg5 (21. Qc5 {simplifies} Qxc5 22. Rxc5 Re2 23. Rxb5 Rxa2 24. Be3) 21... Re2 22. Be3 Qb7 23. Rfd1 {[%emt 0:00:06] Black must now prevent Qf4.} h6 {[%emt 0:00:17] [#]} (23... Qe4 $11 {keeps the balance.}) 24. Qg4 $1 $16 Rxa2 25. Rd7 Qa6 (25... h5 $16) 26. Qf3 (26. Rxf7 $142 Qd6 27. Rcc7 Ra1+ 28. Kg2 Qd5+ 29. Kh3 Qxf7 30. Rxf7 Kxf7 31. Qf3+ Kg8 32. Qxa8+ Kh7 33. Qb7) 26... Rf8 $18 27. Rxa7 ({Not} 27. Bxa7 Qe6 28. Rb7 Rd2 $14) (27. Rc6 $142 Qa3 28. Bc5 Ra1+ 29. Rd1 Rxd1+ 30. Qxd1) 27... Qxa7 28. Bxa7 Rxa7 29. Qc6 Rb8 30. Qd6 {[%emt 0:00:04] Repels b4} Rab7 31. g4 b4 32. h4 Bf8 33. Qf4 {[%emt 0:00:04] White has more active pieces.} Rd8 34. Rc6 {[%emt 0:00:15] aiming for Qc4.} Rbd7 35. Qc4 ({Better is} 35. Rc4 $16) 35... Rd4 (35... Rd1+ $11 36. Kg2 R8d4 37. Rxg6+ Bg7 38. Qc8+ Rd8 39. Rxg7+ (39. Qc4 R1d4 $11) 39... Kxg7) 36. Qe2 $16 ({Don't play} 36. Rxg6+ $6 Bg7 37. Rxg7+ Kxg7 $11) 36... Rd3 37. h5 g5 38. Rc7 (38. Qe5 $16) 38... R3d7 (38... Rxb3 $14 39. Rxf7 Rb1+ 40. Kg2 Kxf7 41. Qa2+ b3 42. Qxb1 Rb8) 39. Rxd7 Rxd7 {[%emt 0:00:01][%mdl 4096] Endgame KQ-KRB} 40. Qc4 Rd8 41. Kg2 Re8 42. f4 gxf4 43. Qxf4 Re2+ 44. Kf3 Re6 45. Qc4 Be7 46. Kg3 Kg7 47. Qd4+ Kg8 48. Qd7 Kg7 49. Kg2 Re2+ 50. Kf3 Re6 51. Qd4+ Kg8 52. Kg2 Bf8 53. Qc4 Be7 54. Qb5 Kg7 55. Kf3 Rf6+ 56. Ke4 Re6+ 57. Kf3 Rf6+ $1 58. Kg2 Re6 {[%emt 0:00:03] Weighted Error Value: White=0.26 (precise) /Black=0.13 (very precise)} 1/2-1/2

[Event "Superbet Blitz Poland 2023"]
[Site "Warsaw"]
[Date "2023.05.24"]
[Round "4"]
[White "Wojtaszek, Radoslaw"]
[Black "Carlsen, Magnus"]
[Result "1/2-1/2"]
[ECO "A43"]
[WhiteElo "2670"]
[BlackElo "2853"]
[Annotator "TA"]
[PlyCount "99"]
[EventDate "2023.05.24"]
[EventType "tourn"]
[EventCountry "POL"]
[SourceTitle "playchess.com"]
[Source "ChessBase"]
[SourceQuality "1"]
[TimeControl "300+2"]

1. d4 g6 2. c4 Bg7 3. e4 d6 4. Nc3 c5 (4... e5 5. Nf3 Nc6 6. Bg5 f6 7. Be3 Nh6 8. h3 Nf7 9. c5 dxc5 10. dxe5 Nfxe5 11. Qxd8+ Nxd8 12. Nxe5 fxe5 13. Bxc5 Ne6 14. Be3 Nd4 15. O-O-O Be6 {0-1 Wojtaszek,R (2696)-Carlsen,M (2861) Titled Tuesday intern op 27th Sep Early blitz 2022 (9)}) 5. d5 Bxc3+ 6. bxc3 e5 {[%emt 0:00:01] A43: Schmid Benoni.} 7. dxe6 (7. Rb1 $16) 7... Bxe6 8. Bf4 ({White should try} 8. Bd3 $14) 8... Nc6 9. Nf3 {[%emt 0:00:13] [#]} Qa5 $146 (9... Nf6 $5 ) ({Predecessor:} 9... Nf6 10. Qc2 Qe7 11. Bd3 h6 12. O-O-O g5 13. Bg3 Ng4 14. h4 O-O-O 15. Be2 Nge5 16. Nxe5 Nxe5 {1-0 Vidit,S (2669)-Pantsulaia,L (2563) Wch Blitz Almaty 2022 (15)}) 10. Qc2 (10. Qxd6 $2 {too greedy.} Qxc3+ 11. Qd2 Qxa1+ $19) (10. Bxd6 O-O-O 11. Rc1 Nf6 $19) 10... Nf6 11. Bd3 (11. Bxd6 $2 {is the wrong capture.} Nxe4 12. Be5 Nxe5 13. Nxe5 Qxc3+ 14. Qxc3 Nxc3 $19) 11... Qc7 12. Rd1 Ng4 13. Ng5 Bd7 14. Be2 Nge5 15. Qd2 f6 16. Nf3 (16. Qxd6 $2 {perishes.} Qxd6 17. Rxd6 fxg5 18. Bxg5 Nf7 $19) 16... Be6 17. Qxd6 Qxd6 18. Rxd6 Ke7 19. Rd1 (19. Nxe5 $5 fxe5 20. Rxc6 {[%mdl 64] Remove Defender} bxc6 21. Bxe5 $11) 19... Rhd8 (19... Nxc4 {simplifies} 20. Bxc4 Bxc4 21. Bd6+ Kf7) 20. Nxe5 Nxe5 21. Bxe5 fxe5 22. f3 Rac8 23. Kf2 Rxd1 24. Rxd1 $11 {[%emt 0:00:01][%mdl 4096] Endgame KRB-KRB} Rc6 25. Rb1 Bc8 26. Bd1 Ra6 27. a4 g5 28. Ke3 (28. Rb5 $5 ) 28... Rh6 {[%emt 0:00:03] The position is equal.} 29. h3 Ra6 30. Bc2 h5 31. Rd1 Be6 {[%emt 0:00:10] Against Rd5} 32. Rb1 Rb6 33. Rxb6 axb6 {[%emt 0:00:01] KB-KB} 34. Bb3 h4 35. Kd3 Kd6 36. Bd1 Kc7 37. Be2 Bd7 38. Bd1 Kb8 39. Kd2 Be6 40. Be2 Ka7 41. Kc1 Ka6 42. Kb2 $1 Ka5 43. Ka3 $1 Bf7 44. Bd3 $1 Be8 45. Bc2 Bd7 46. Bd1 Be6 47. Be2 Bd7 (47... Bf7 $5) 48. Bd1 Be6 49. Be2 Bd7 50. Bd1 {Weighted Error Value: White=0.09 (flawless) /Black=0.06 (flawless)} 1/2-1/2

[Event "Superbet Blitz Poland 2023"]
[Site "Warsaw"]
[Date "2023.05.24"]
[Round "5"]
[White "Carlsen, Magnus"]
[Black "Shevchenko, Kirill"]
[Result "1-0"]
[ECO "B76"]
[WhiteElo "2853"]
[BlackElo "2684"]
[Annotator "TA"]
[PlyCount "49"]
[EventDate "2023.05.24"]
[EventType "tourn"]
[EventCountry "POL"]
[SourceTitle "playchess.com"]
[Source "ChessBase"]
[SourceQuality "1"]
[TimeControl "300+2"]

1. e4 c5 2. Nf3 Nc6 3. Nc3 g6 4. d4 cxd4 5. Nxd4 Bg7 6. Be3 Nf6 7. Nb3 d6 8. f3 O-O 9. Qd2 Be6 10. O-O-O {[%emt 0:00:03] B76: Sicilian Dragon: Yugoslav Attack, 9 g4 and 9 0-0-0.} Ne5 11. Kb1 Rc8 12. h4 {[%emt 0:00:19] White has an edge.} h5 {[%emt 0:00:03][%cal Bh7h5,Bh5g4][%mdl 32] [#]} 13. Be2 $5 $146 {[%emt 0:00:39][%mdl 8] New and interesting.} ({Predecessor:} 13. Nd5 Bxd5 14. exd5 Qc7 15. c3 a5 16. a3 Rb8 17. Bd4 b5 18. Bxe5 dxe5 19. d6 exd6 20. Qxd6 {0-1 Bocina,D (2210)-Grguric,D (2215) CRO-chT3 Zadar 1999 (6)}) 13... a6 14. Bd4 Qc7 15. g4 hxg4 16. f4 Nc6 {[%emt 0:00:53] [#]} (16... Ned7 $11) 17. Bxf6 $1 $16 Bxf6 18. Nd5 Bxd5 19. exd5 Nd4 (19... Nb4 $16 {was necessary.}) 20. Bxg4 Nxb3 {[%emt 0:00:39] This move loses the game for Black.} (20... Nxc2 $2 21. Rc1 $18) (20... Qxc2+ $16 {might work better.} 21. Qxc2 Rxc2) 21. axb3 $18 a5 22. h5 {[%emt 0:00:13][%cal Bh4h5,Bh5g6][%mdl 32] Black is weak on the light squares} a4 (22... Kg7 $142 23. hxg6 fxg6) 23. hxg6 {[%emt 0:00:12] Active counter play!} axb3 24. cxb3 {[%emt 0:00:06] [#] And now Rdg1 would win.} Ra8 25. Qh2 {[%emt 0:00:09] Weighted Error Value: White=0.09 (flawless) /Black=0.97} 1-0

[Event "Superbet Blitz Poland 2023"]
[Site "Warsaw"]
[Date "2023.05.24"]
[Round "5"]
[White "Giri, Anish"]
[Black "Deac, Bogdan-Daniel"]
[Result "0-1"]
[ECO "B12"]
[WhiteElo "2768"]
[BlackElo "2700"]
[Annotator "TA"]
[PlyCount "77"]
[EventDate "2023.05.24"]
[EventType "tourn"]
[EventCountry "POL"]
[SourceTitle "playchess.com"]
[Source "ChessBase"]
[SourceQuality "1"]
[TimeControl "300+2"]

1. e4 c6 2. d4 d5 3. e5 Bf5 4. Nf3 e6 5. Be2 Nd7 6. O-O a5 {[%emt 0:00:02] B12: Caro-Kann: Advance Variation.} 7. c3 a4 8. Nbd2 h6 9. Ne1 {[%emt 0:00:01] [#]} h5 $146 ({Predecessor:} 9... Ne7 10. f4 c5 11. dxc5 Nc6 12. Bd3 Bxc5+ 13. Kh1 Bxd3 14. Nxd3 O-O 15. Nf3 f5 16. exf6 Qxf6 17. Nxc5 Nxc5 {½-½ Buksa,N (2413)-Osmak,I (2418) EU-ch (Women) 21st 2021 (10)}) 10. Ndf3 Be7 11. Bd3 Nh6 12. Bxh6 Rxh6 13. Bxf5 exf5 14. Qc2 f4 15. Qf5 g5 {[%emt 0:00:02] [#]} 16. h4 $1 gxh4 17. Nd3 Nf8 $1 18. Nxf4 Qd7 19. e6 (19. Nxh5 $1 $14 O-O-O 20. Qxf7) 19... fxe6 $11 20. Qh3 Bd6 21. Nd3 O-O-O 22. Rfe1 Qg7 (22... Nh7 $1 $15) 23. Nxh4 Kb8 24. b3 a3 25. b4 (25. Re3 $11) 25... Qg4 (25... Nh7 {feels hotter.} 26. b5 cxb5 27. Rab1 Rg8) 26. Qxg4 (26. Re3 $11) 26... hxg4 $17 27. g3 {[%emt 0:00:01] [#]} Nd7 (27... Nh7 $1 $17) 28. Re3 $11 Be7 29. Kg2 (29. Rae1 $1 $11) 29... Bxh4 30. gxh4 Rxh4 31. Rxe6 Rdh8 {[%emt 0:00:01] ...Rh2+ is the strong threat.} 32. Nf4 $1 Nb6 33. Rae1 (33. b5 $1 $11) 33... Nc4 (33... Rh2+ $15 34. Kg3 Nc4) 34. Re8+ (34. b5 $5 ) 34... Rxe8 35. Rxe8+ Ka7 36. Re7 {[%emt 0:00:08] [#]} (36. Kg3 Rh1 37. Re2 (37. Kxg4 Ra1 $19) 37... Nb2 $17) (36. Re6 $1 $11 {remains equal.}) 36... Nd2 (36... Nd6 $1 $17) 37. Nd3 {[%emt 0:00:04] The position is equal.} ({Of course not} 37. Kg3 Rh1 38. b5 (38. Kxg4 Rg1+ 39. Kf5 Ra1 $17) 38... Kb6 39. bxc6 (39. Kxg4 Ra1 $19) 39... bxc6 $17) 37... Ne4 {[%emt 0:00:04] Hoping for ...Rh3.} (37... Rh3 $5 38. Nc5 $8 Kb8 $11) 38. Nc5 Nxc5 39. dxc5 $2 {[%emt 0:00:04][%mdl 8192] Weighted Error Value: White=0.25 (precise) /Black=0.23 (precise)} (39. bxc5 $11 {and White stays safe.} Rh3 40. Re3 Rxe3 41. fxe3) 0-1

[Event "Superbet Blitz Poland 2023"]
[Site "Warsaw"]
[Date "2023.05.24"]
[Round "5"]
[White "Aronian, Levon"]
[Black "So, Wesley"]
[Result "0-1"]
[ECO "C50"]
[WhiteElo "2745"]
[BlackElo "2760"]
[Annotator "TA"]
[PlyCount "82"]
[EventDate "2023.05.24"]
[EventType "tourn"]
[EventCountry "POL"]
[SourceTitle "playchess.com"]
[Source "ChessBase"]
[SourceQuality "1"]
[TimeControl "300+2"]

1. e4 e5 2. Nf3 Nc6 3. Bc4 Bc5 4. O-O Nf6 5. Nc3 (5. d3 h6 6. c3 d6 7. Nbd2 a5 8. Re1 O-O 9. Nf1 Ba7 10. Ng3 Be6 11. Bxe6 fxe6 12. Be3 Bxe3 13. Rxe3 a4 14. d4 Qe8 15. Qd3 {1-0 Aronian,L (2785)-So,W (2778) Chess.com Rapid Wk5 KO 2022 (2.1)}) 5... d6 6. Na4 {[%emt 0:00:03] C50: Hungarian Defence and Giuoco Pianissimo.} Bb6 7. d3 Na5 {[%emt 0:00:07] 7...h6 gains popularity.} 8. Bb3 {[%emt 0:00:02] The position is equal.} h6 {[%emt 0:00:08] [#]} 9. c3 $146 ({Predecessor:} 9. h3 Nxb3 10. Nxb6 axb6 11. cxb3 O-O 12. b4 Re8 13. b3 Nh7 14. d4 exd4 15. Qxd4 {0-1 Lugovskoy,M (2443)-Zakaryan,D (2407) South FR-ch Maikop 2018 (9)}) 9... Nxb3 10. axb3 Bg4 11. h3 Bh5 12. g4 {[%emt 0:00:19] Strongly threatening Nxb6.} Bg6 13. Nxb6 axb6 14. Rxa8 Qxa8 15. Nh2 O-O 16. f4 exf4 17. Bxf4 Nd7 18. Nf3 Re8 19. Nd4 Qd8 20. Nf5 Nc5 21. b4 Ne6 22. Qf3 {[%emt 0:00:01] [#]} d5 $1 23. exd5 (23. e5 Bxf5) 23... Nxf4 24. Qxf4 Qxd5 25. d4 c6 26. Ng3 Qb3 27. Qd2 (27. Rf2 {is interesting.} Re1+ 28. Kh2 Qe6 29. Qb8+) 27... b5 28. h4 f6 (28... Qe6 $5 29. Qd1 Qe3+ 30. Kg2 Bd3 $11) 29. Kh2 Bf7 30. Rf2 Qe6 31. Qf4 Qd5 32. Nf5 Re4 33. Qb8+ Kh7 34. Qg3 Re1 35. Rg2 {[%emt 0:00:05] [#]} ({White should play} 35. Qf3 $1 $15) 35... Re4 $40 {[%emt 0:00:26][%mdl 128] Black attacks. Black is more active.} (35... Qe4 $1 $17 {Hoping for ...Bd5.} 36. g5 (36. Nd6 $2 Qb1 $19) 36... fxg5 37. hxg5 (37. Nd6 $2 Qb1 $19) 37... Bd5 38. g6+ Kh8 39. Qb8+ Bg8) 36. Qc7 Qe6 {[%emt 0:00:05] ...h5 is the strong threat.} (36... h5 {is more complex.} 37. Nd6 Re3 38. Nxf7 Qe4) 37. Qxb7 $2 (37. Nd6 $11 {and White has nothing to worry.} Rxg4 38. Rxg4 (38. Nxf7 {is a self mate.} Rxh4+ 39. Kg3 Rh3+ 40. Kf4 Qe3+ 41. Kf5 Rf3+ 42. Kg4 f5+ 43. Kh5 Rh3#) 38... Qxg4 39. Nxf7) 37... h5 38. Qc7 hxg4 39. Nd6 {[%emt 0:00:02] [#]} (39. Ng3 $19) 39... g3+ $1 {[%emt 0:00:02][%mdl 576] Discovered Attack. Black mates.} 40. Rxg3 Rxh4+ 41. Kg2 Qe2+ {[%emt 0:00:01] Weighted Error Value: White=0.40/Black=0.13 (very precise)} 0-1

[Event "Superbet Blitz Poland 2023"]
[Site "Warsaw"]
[Date "2023.05.24"]
[Round "5"]
[White "Rapport, Richard"]
[Black "Wojtaszek, Radoslaw"]
[Result "1-0"]
[ECO "D00"]
[WhiteElo "2745"]
[BlackElo "2670"]
[Annotator "TA"]
[PlyCount "61"]
[EventDate "2023.05.24"]
[EventType "tourn"]
[EventCountry "POL"]
[SourceTitle "playchess.com"]
[Source "ChessBase"]
[SourceQuality "1"]
[TimeControl "300+2"]

1. d4 Nf6 2. Bg5 d5 3. e3 Bg4 4. Qd3 {[%emt 0:00:21] [#]} Nbd7 $146 ({Predecessor:} 4... c6 5. Nd2 Nbd7 6. Ngf3 e6 7. Qb3 b5 8. a4 a6 9. Ne5 Nxe5 10. dxe5 h6 11. Bxf6 gxf6 12. exf6 {1-0 Terry,R (2504)-Bachmann,A (2599) Titled Tuesday intern op 08th June blitz 2021 (7)}) 5. h3 Bh5 6. Bxf6 {[%emt 0:00:02] D00: 1 d4 d5: Unusual lines.} exf6 7. Qf5 Bg6 8. Qxd5 {[%emt 0:00:02] The position is equal.} Bxc2 (8... c6 9. Qb3 $16) 9. Bc4 ({Much weaker is} 9. Qxb7 Rb8 10. Qa6 Rxb2 $15) 9... Bb4+ 10. Nc3 O-O 11. Rc1 c6 12. Qf3 Bg6 13. Nge2 Nb6 14. Bb3 Re8 15. O-O a5 16. a3 Bd6 17. Rfd1 a4 18. Ba2 Qd7 19. Nf4 Ra5 20. Nxg6 hxg6 21. Qg4 Qxg4 22. hxg4 Rg5 23. d5 {[%emt 0:00:18] Threatens to win with dxc6.} c5 24. Nb5 Bf8 25. d6 {[%emt 0:00:07] Black must now prevent Nc7.} Rge5 (25... c4 $5 26. Nc3 (26. Bxc4 Nxc4 27. Nc7 Rd8 $11) 26... Rd8 $14) 26. Rc2 Rd8 {[%emt 0:00:01] [#]} ({Black should try} 26... c4 $14) 27. f4 $1 $36 {[%emt 0:00:10][%mdl 2048] Keeping Black busy. White is much more active.} Rxe3 28. Rxc5 Nc8 $2 (28... Re2 $16 {is a better chance.}) 29. Kf2 $18 {[%emt 0:00:19] Black is weak on the light squares} Re4 30. Kf3 Ree8 {[%emt 0:00:11] [#]} (30... Nxd6 31. Rcd5 (31. Rxd6 Bxd6 32. Nxd6 Re7 $16) 31... Rde8) 31. Rxc8 $1 {[%emt 0:00:07][%mdl 576] Decoy, Promotion.   Weighted Error Value: White=0.09 (flawless) /Black=0.47} 1-0

[Event "Superbet Blitz Poland 2023"]
[Site "Warsaw"]
[Date "2023.05.24"]
[Round "5"]
[White "Duda, Jan-Krzysztof"]
[Black "Vachier-Lagrave, Maxime"]
[Result "1-0"]
[ECO "A21"]
[WhiteElo "2724"]
[BlackElo "2742"]
[Annotator "TA"]
[PlyCount "105"]
[EventDate "2023.05.24"]
[EventType "tourn"]
[EventCountry "POL"]
[SourceTitle "playchess.com"]
[Source "ChessBase"]
[SourceQuality "1"]
[TimeControl "300+2"]

1. c4 e5 2. Nc3 Bb4 3. Nd5 Be7 4. d4 exd4 5. Qxd4 Nf6 6. Nxe7 {[%emt 0:00:06] A21: English Opening: 1...e5 2 Nc3.} Qxe7 7. Bg5 Nc6 8. Qc3 {[%emt 0:00:03] The position is equal.} d6 9. Bxf6 Qxf6 10. Qxf6 gxf6 11. e3 Be6 12. Nf3 O-O-O 13. Nd4 {[%emt 0:00:08] [#]} Ne7 $146 ({Predecessor:} 13... Ne5 14. b3 c5 15. Nb5 d5 16. cxd5 Bxd5 17. Nxa7+ Kb8 18. Nb5 Bc6 19. Nc3 Rhg8 {½-½ Yeremenko,A (2439)-Wharam,J (2459) ENG-EU email 2018 [7]}) 14. O-O-O a6 15. g3 c5 16. Nxe6 fxe6 17. Bh3 Kd7 18. Rd2 Nc6 19. Rhd1 Ke7 20. Bg2 Na5 21. Bf1 Rd7 22. Kc2 Rb8 23. g4 b5 24. b3 bxc4 25. bxc4 Nc6 26. Kc3 (26. Rb1 {simplifies} Rxb1 27. Kxb1 f5 28. h3) 26... Rb4 27. a3 Rb6 (27... Ra4 $5 ) 28. Rb2 $1 Rxb2 29. Kxb2 $11 {[%emt 0:00:01][%mdl 4096] Endgame KRB-KRN} Rb7+ 30. Kc2 Rb8 31. Be2 a5 32. h4 h6 33. f4 Kd7 34. Rb1 Rxb1 35. Kxb1 $14 {[%emt 0:00:01] KB-KN} d5 $2 {[%emt 0:00:16][%mdl 8192] [#] White stays focused until the end.} (35... Na7 $14) 36. cxd5 $1 $18 Ne7 37. dxe6+ Kxe6 38. Bc4+ Kd6 39. Kc2 Nc8 40. Kd3 Nb6 41. Ba2 Ke7 42. Ke4 Na4 43. Kd3 {[%emt 0:00:03] Prevents Nc3.} (43. Bb3 $142 Nb6 44. g5 fxg5 45. fxg5 hxg5 46. hxg5) 43... Nb6 $1 44. Bb3 Kd6 45. h5 Ke7 46. e4 Kf8 47. e5 fxe5 48. fxe5 Ke7 49. Ke4 {[%emt 0:00:03][%cal Og4g5] [#] Hoping for g5!} c4 50. Bc2 Nd7 51. Kd4 Nb6 52. Bf5 {[%emt 0:00:03] Kc5 would kill now.} Kf7 53. Ke4 {[%emt 0:00:04] Weighted Error Value: White=0.34/Black=0.56} (53. Kc5 $142 Na8 54. Kd6) 1-0

[Event "Superbet Blitz Poland 2023"]
[Site "Warsaw"]
[Date "2023.05.24"]
[Round "6"]
[White "Carlsen, Magnus"]
[Black "Rapport, Richard"]
[Result "1-0"]
[ECO "E90"]
[WhiteElo "2853"]
[BlackElo "2745"]
[Annotator "TA"]
[PlyCount "125"]
[EventDate "2023.05.24"]
[EventType "tourn"]
[EventCountry "POL"]
[SourceTitle "playchess.com"]
[Source "ChessBase"]
[SourceQuality "1"]
[TimeControl "300+2"]

1. c4 g6 2. e4 Bg7 3. d4 d6 4. Nf3 c5 5. d5 Nf6 6. Nc3 O-O 7. h3 e6 8. Bd3 exd5 9. exd5 Re8+ 10. Be3 Rxe3+ {[%emt 0:00:02] E90: King's Indian: Classical: Early deviations and 6 h3.} 11. fxe3 Nbd7 12. O-O Qe7 {[%emt 0:00:01] White is better.} 13. Qd2 Nh5 14. Qf2 Ne5 15. Be2 (15. Nxe5 {with more complications.} Bxe5 16. Qc2 Ng3 17. Rf3) 15... Nxf3+ 16. Bxf3 (16. Qxf3 {keeps more tension.} Be5 17. Bd3 Ng3 18. Rfe1) 16... Nf6 {[%emt 0:00:02] [#]} 17. Rae1 $5 $146 {[%emt 0:00:19][%mdl 8] An interesting novelty.} ({Predecessor:} 17. e4 Nxe4 18. Qe1 Bd4+ 19. Kh1 Nf2+ 20. Rxf2 Qxe1+ 21. Rxe1 Bxf2 22. Re8+ Kg7 23. Ne4 {1-0 Kuzubov,Y (2643)-Pantsulaia,L (2553) PNWCC Online blitz JP 20th 2020 (4)}) 17... Nd7 18. Bg4 Bxc3 19. bxc3 Ne5 20. Bxc8 Rxc8 21. Qf6 {[%emt 0:00:02] Against Nd3} (21. Qe2 $16) 21... Qxf6 22. Rxf6 $11 {[%emt 0:00:02][%mdl 4096] Endgame KRR-KRN} Kf8 (22... Nxc4 $14 {might be stronger.} 23. Re2 Rc7) 23. a4 (23. Rxd6 $2 Ke7 $19) 23... Ke7 24. Rf4 h5 25. Rb1 Rc7 26. Kf1 Nd3 27. Re4+ Ne5 28. Ke2 Kf6 29. Rf4+ Ke7 (29... Kg7 $16 {keeps fighting.} 30. Rbf1 b6) 30. g4 $18 hxg4 31. hxg4 g5 32. Rf5 Nxg4 33. Rg1 Ne5 {[%emt 0:00:02] [#]} 34. Rxe5+ dxe5 $14 35. Rxg5 $18 {[%emt 0:00:01] KR-KR} Kf6 36. Rh5 {[%emt 0:00:37] Threatens to win with Kd3.} e4 37. Kf2 Kg6 $1 38. Re5 f5 39. Kg3 {[%emt 0:00:01] Hoping for Kf4.} Rh7 40. Re8 {[%emt 0:00:05] aiming for Kf4.} Kf6 41. a5 Rg7+ 42. Kf2 Rh7 43. Re6+ Kg5 44. Kg3 Rh1 45. Re7 {[%emt 0:00:09] Rg7+ is the strong threat.} Rf1 {[%emt 0:00:34] And now ...Rf3+ would win.} 46. Rxb7 {[%emt 0:00:02] Strongly threatening Rg7+.} Rf3+ 47. Kg2 Rxe3 {[%emt 0:00:01] White must now prevent ...Re2+.} 48. Rxa7 f4 49. a6 f3+ (49... Re2+ $11 50. Kf1 Ra2) 50. Kg3 $16 {[%emt 0:00:04] White is more active.} Re2 (50... Re1 $16) 51. Rf7 $18 Rg2+ $2 (51... Ra2 52. a7 Kg6) 52. Kh3 {[%emt 0:00:01] Rg7+ would kill now.} Kg6 {[%emt 0:00:01] Dodges Rg7+} (52... Ra2 $142 53. a7 Kg6) 53. Rf4 $2 (53. Rf8 $18 {Intending Rg8+ and mate.} e3 54. Rxf3) 53... Ra2 (53... Kg5 $1 $11 54. Rf7 (54. Rxe4 $2 {is the wrong capture.} Rg1 $19) 54... Ra2) 54. Rxe4 $16 Rxa6 $2 {[%emt 0:00:02][%mdl 8192] This costs Black the game.} (54... Kf5 $14 55. Rh4 Rxa6) 55. Kg3 $18 {[%emt 0:00:03] White threatens Re6+ and mate.} Kf5 {[%emt 0:00:03] Prevents Re6} 56. Kxf3 Ra3 57. Re3 Ra4 58. d6 {[%emt 0:00:01] White mates.} Ra7 59. Rd3 ({Weaker is} 59. Re7 Ra6 60. d7 Rd6 $18) 59... Ke6 {[%emt 0:00:02] [#]} 60. d7 $1 Rxd7 61. Rxd7 Kxd7 62. Kf4 Ke6 63. Ke4 {[%emt 0:00:04] Weighted Error Value: White=0.17 (very precise) /Black=0.28 (precise)} 1-0